 Dungeon Crawl Stone Soup version 0.30-b1-5-g8e6c1be481 (webtiles) character file.

Game seed: 14871546393657130164

18 Jase the Conjurer (level 2, 15/15 HPs)
             Began as a Deep Elf Conjurer on May 4, 2023.
             Was a Follower of Dithmenos.
             Quit the game on level 1 of the Dungeon.
             The game lasted 00:01:45 (798 turns).

Jase the Conjurer (Deep Elf Conjurer)                Turns: 798, Time: 00:01:45

Health: 15/15      AC:  2    Str:  4    XL:     2   Next: 48%
Magic:  8/8        EV: 12    Int: 22    God:    Dithmenos [*.....]
Gold:   49         SH:  0    Dex: 13    Spells: 7/8 levels left

rFire   . . .        a - +0 short sword
rCold   . . .        (no shield)
rNeg    . . .        f - +0 robe
rPois   .            (no helmet)
rElec   .            (no cloak)
rCorr   .            (no gloves)
SInv    .            (no boots)
Will    .....        (no amulet)
Stlth   ++           (no ring)
HPRegen 0.22/turn    (no ring)
MPRegen 0.11/turn

%: no passive effects
@: wreathed by umbra
A: no striking features
a: Renounce Religion


You were on level 1 of the Dungeon.
You worshipped Dithmenos.
Dithmenos was aware of your devotion.
You visited 1 branch of the dungeon, and saw 1 of its levels.

You collected 49 gold pieces.

Inventory:

Hand Weapons
 a - a +0 short sword (weapon)
Armour
 f - a +0 robe (worn)
Scrolls
 c - a scroll of vulnerability {unknown}
 e - a scroll of amnesia {unknown}
 h - a scroll of blinking {unknown}
Potions
 b - a potion of magic
 d - 2 potions of curing {unknown}
 g - a potion of ambrosia {unknown}


   Skills:
 - Level 2.4 Dodging
 + Level 2.4 Stealth
 + Level 3.7 Spellcasting
 + Level 4.8 Conjurations


You had 7 spell levels left.
You knew the following spells:

 Your Spells              Type           Power      Damage    Failure   Level
a - Magic Dart            Conj           100%       1d8       1%          1

Your spell library contained the following spells:

 Spells                   Type           Power      Damage    Failure   Level
 Searing Ray              Conj           50%        2d6       2%          2
 Dazzling Flash           Conj/Hex       28%        N/A       13%         3
 Fulminant Prism          Conj/Hex       7%         3d6       38%         4
 Iskenderun's Mystic Bla  Conj/Tloc      14%        2d5       38%         4


Dungeon Overview and Level Annotations

Branches:
Dungeon (1/15)

Altars:
Dithmenos


Message History

You kill the rat!
g - a bubbling purple potion A hobgoblin comes into view.
The magic dart hits the hobgoblin.
The hobgoblin is almost dead.
The magic dart hits the hobgoblin.
You kill the hobgoblin!
A rat comes into view.
The magic dart hits the rat.
You kill the rat!
An endoplasm comes into view.
Found a dagger.
The magic dart hits the endoplasm!
You kill the endoplasm!
You can't see any susceptible monsters within range! (Use Z to cast anyway.)
Found a human skeleton.
Found a human skeleton.
A bat comes into view.
You see here a scroll labelled SUUN YNTIOS.
h - a scroll labelled SUUN YNTIOS The magic dart hits the bat!
You kill the bat!
An endoplasm comes into view.
Found a human skeleton.
The magic dart hits the endoplasm!
You kill the endoplasm!
You see here a +0 dagger.
You now have 49 gold pieces (gained 16).
You see here a +0 dagger.
Found a human skeleton.
Found a faded altar of an unknown god.
Found a ruby potion.
You see here a human skeleton.
There is a faded altar of an unknown god here.
This altar belongs to (a) Ru, (b) Dithmenos or (c) Kikubaaqudgha, but you can't tell which.
Press the corresponding letter to learn more about a god, or press enter to convert or escape to cancel.
Dithmenos accepts your prayer! Dithmenos welcomes you!
You are shrouded in an aura of darkness!
You see here a human skeleton.
A goblin comes into view. It is wielding a +0 club.
Are you sure you want to abandon this character and quit the game? (Confirm with "yes".)

####..####.#...####.#
#..............# #.#
#.##..##....)..# #.#
###.##..###....### #.#
........# ##.#..# #.#
........# #.##.#####.#
###.##### #......8.###
#.# ##+8...÷÷..# ###.#
#."...@÷...# ..#.#
#...8.......# #...#
#............#
....####.........†.÷_#
......†+.....#########
....#### .!.. ##.##
g.. #### #. .


You could see a goblin (asleep).

Vanquished Creatures
  A dart slug (D:1)
  3 endoplasms (D:1)
  A giant cockroach (D:1)
  2 hobgoblins (D:1)
  2 kobolds (D:1)
  3 bats (D:1)
  3 rats (D:1)
15 creatures vanquished.

Notes
Turn   | Place    | Note
-------+----------+-------------------------------------------
     0 | D:1      | Jase the Deep Elf Conjurer began the quest for the Orb.
     0 | D:1      | Reached XP level 1. HP: 10/10 MP: 6/6
     2 | D:1      | Noticed a spriggan
     4 | D:1      | Noticed a troll
     4 | D:1      | Noticed an octopode
     6 | D:1      | Noticed a vampire
     8 | D:1      | Noticed a human
     8 | D:1      | Noticed a vine stalker
    10 | D:1      | Noticed a naga
    10 | D:1      | Noticed a draconian
    12 | D:1      | Noticed an ogre
    12 | D:1      | Noticed a minotaur
    14 | D:1      | Noticed a demonspawn
    16 | D:1      | Noticed a merfolk
    16 | D:1      | Noticed a demigod
    18 | D:1      | Noticed a gargoyle
    18 | D:1      | Noticed a tengu
    20 | D:1      | Noticed an elf
    20 | D:1      | Noticed a ghoul
    22 | D:1      | Noticed an armataur
    22 | D:1      | Noticed a felid
    24 | D:1      | Noticed a felid
    24 | D:1      | Noticed a formicid
    26 | D:1      | Noticed a felid
    26 | D:1      | Noticed a gargoyle
   356 | D:1      | Reached XP level 2. HP: 15/15 MP: 4/8
   785 | D:1      | Found a faded altar of an unknown god.
   793 | D:1      | Prayed at the altar of an unknown god.
   793 | D:1      | Became a worshipper of Dithmenos the Shadowed
   793 | D:1      | Reached * piety under Dithmenos
   798 | D:1      | Quit the game

Illustrated notes

Levels and vault maps discovered:
D:1:      kb_arrival_jail, layout_loops_corners,
          shapermc_ecumenical_altar_pompeii

Action                     || total
---------------------------++-------
   Cast: Magic Dart        ||    26
